 Dungeon Crawl Stone Soup version 0.24-a0-520-g8fd06ad0bc (webtiles) character file.

Game seed: 4122744139710529504

53111 Arthanis the Arsonist (level 14, -3/72 HPs)
             Began as a Deep Elf Fire Elementalist on July 25, 2019.
             Was a High Priest of Vehumet.
             Killed from afar by an ice dragon (38 damage)
             ... with a blast of cold
             ... on level 15 of the Dungeon.
             The game lasted 00:58:05 (14262 turns).

Arthanis the Arsonist (Deep Elf Fire Elementalist) Turns: 14262, Time: 00:58:06

Health: -3/72      AC: 11    Str:  5    XL:     14   Next: 29%
Magic:  20/41      EV: 16    Int: 26    God:    Vehumet [*****.]
Gold:   1191       SH:  5    Dex: 15    Spells: 11/37 levels left

rFire    . . .     SeeInvis +   v - staff of energy
rCold    . . .     Gourm    .   p - +0 buckler
rNeg     . . .     Faith    .   a - +3 troll leather armour {Snorg}
rPois    .         Spirit   .   Q - +0 helmet {SInv}
rElec    .         Reflect  .   (no cloak)
rCorr    .         Harm     .   U - +1 pair of gloves
MR       +....                  x - +0 pair of boots
Stlth    ++........             C - amulet of magic regeneration
HPRegen  0.62/turn              (no ring)
MPRegen  0.52/turn              V - ring of magical power

@: about to teleport
A: no striking features
a: Renounce Religion


You were on level 15 of the Dungeon.
You worshipped Vehumet.
Vehumet was extremely pleased with you.
You were not hungry.

You visited 2 branches of the dungeon, and saw 16 of its levels.
You also visited: Sewer, Ossuary and Ice Cave.

You collected 1521 gold pieces.
You spent 330 gold pieces at shops.

Inventory:

Hand Weapons
 I - a +0 great sword
 M - a +0 trident
 S - the +1 hunting sling "Tyun" {venom, rPois Dex+4}
   (You found it on level 10 of the Dungeon)

   It poisons the ammo it fires.
   It affects your dexterity (+4).
   It protects you from poison.
 W - a +0 long sword of electrocution
Armour
 a - a +3 troll leather armour (worn) {Snorg}
 p - a +0 buckler (worn)
 x - a +0 pair of boots (worn)
 Q - a +0 helmet of see invisible (worn)
 U - a +1 pair of gloves (worn)
Magical Staves
 v - an uncursed staff of energy (weapon)
 Y - an uncursed staff of conjuration
Jewellery
 b - an uncursed ring of resist corrosion
 e - an uncursed amulet of guardian spirit {unknown}
 l - a +3 amulet of reflection
 C - an amulet of magic regeneration (around neck)
 L - the ring "Eneonn" {+Blink Str+3 SInv, unknown}
   (You found it in an ice cave)

   [ring of strength]

   It affects your strength (+3).
   It lets you see invisible.
   It lets you blink.
 N - the ring "Fyivyuwo" {Fire MR+++ Str+2 SInv Stlth-}
   (You found it in an ice cave)

   [ring of fire]

   It enhances your fire magic.
   It affects your strength (+2).
   It protects you from fire.
   It makes you vulnerable to cold.
   It affects your resistance to hostile enchantments.
   It lets you see invisible.
   It makes you less stealthy.
 V - a ring of magical power (right hand)
Wands
 d - a wand of enslavement (9)
 H - a wand of flame (10)
 O - a wand of random effects (9)
Scrolls
 f - 5 scrolls of fear
 g - 2 scrolls of random uselessness {unknown}
 h - 2 scrolls of magic mapping {unknown}
 i - 3 scrolls of immolation
 n - 4 scrolls of enchant armour {unknown}
 t - 5 scrolls of teleportation
 u - 4 scrolls of remove curse
 y - a scroll of blinking {unknown}
 z - 3 scrolls of fog
 D - 4 scrolls of amnesia {unknown}
 E - a scroll of enchant weapon {unknown}
 K - 2 scrolls of acquirement {unknown}
 R - a scroll of noise {unknown}
 T - a scroll of vulnerability {unknown}
Potions
 j - a potion of resistance {unknown}
 k - 6 potions of mutation
 m - a potion of lignification {unknown}
 o - a potion of flight {unknown}
 q - a potion of agility {unknown}
 r - 3 potions of curing {unknown}
 s - 3 potions of berserk rage {unknown}
 w - a potion of invisibility {unknown}
 A - 2 potions of heal wounds
 B - 2 potions of haste {unknown}
 F - 2 potions of brilliance
 J - a potion of might {unknown}
 X - a potion of ambrosia {unknown}
 Z - a potion of magic {unknown}
Comestibles
 c - 16 rations
 G - 3 chunks of flesh


   Skills:
 - Level 2.0 Fighting
 - Level 2.0 Armour
 + Level 8.3 Dodging
 - Level 3.2 Stealth
 - Level 4.1 Shields
 + Level 12.4 Spellcasting
 * Level 13.9 Conjurations
 * Level 14.2 Fire Magic
 - Level 12.2 Evocations


You had 11 spell levels left.
You knew the following spells:

 Your Spells              Type           Power        Failure   Level  Hunger
a - Flame Tongue          Conj/Fire      #####        0%          1    None
b - Conjure Flame         Conj/Fire      ######..     1%          3    None
c - Sticky Flame          Conj/Fire      ######..     1%          4    None
d - Fireball              Conj/Fire      ######....   1%          5    None
e - Shock                 Conj/Air       ####         1%          1    None
f - Bolt of Magma         Conj/Fire/Erth ######....   1%          5    None
g - Orb of Destruction    Conj           ######....   4%          7    None

Your spell library contained the following spells:

 Spells                   Type           Power        Failure   Level  Hunger
 Throw Flame              Conj/Fire      ######       1%          2    None
 Inner Flame              Hex/Fire       ######..     1%          3    None
 Animate Skeleton         Necr           N/A          6%          1    None
 Apportation              Tloc           ###...       6%          1    None
 Beastly Appendage        Tmut           ###...       6%          1    None
 Confusing Touch          Hex            ###...       6%          1    None
 Summon Small Mammal      Summ           ###.         6%          1    None
 Sticks to Snakes         Tmut           ###.....     9%          2    None
 Confuse                  Hex            ###.....     17%         3    None
 Gell's Gravitas          Tloc           ###.......   17%         3    None
 Spider Form              Tmut/Pois      ###.......   17%         3    None
 Yara's Violent Unravell  Hex/Tmut       ###.......   36%         5    None
 Ice Form                 Ice/Tmut       ###.....     50%         4    None
 Petrify                  Tmut/Erth      ###.....     50%         4    None
 Blade Hands              Tmut           ###.......   85%         5    None
 Metabolic Englaciation   Hex/Ice        ###.......   85%         5    None


Dungeon Overview and Level Annotations

Branches:
Dungeon (15/15)            Temple (1/1) D:7            Lair (0/6) D:11
    Orc (0/2) D:12         Vaults (0/5) D:13
 Depths: D:15

Altars:
Ashenzari
Dithmenos
Gozag
Kikubaaqudgha
Makhleb
Okawaru
Ru
Sif Muna
Trog
Uskayaw
Vehumet
Xom
Yredelemnul
Zin
The Shining One
Beogh

Shops:
D:5 =   D:8 [   D:14 *

Annotations:
D:3 2 transporters, zhorgal's ghost, amateur MiFi
D:10 1 runed translucent door
D:11 exclusion: orange crystal statue
D:14 2 runed translucent doors, KristoblXynda's ghost, journeyman DrMo


Message History

Confirm with . or Enter, or press ? or * to list all spells.
Okay, then.
The ice dragon breathes frost at you. The blast of cold hits you!!!
You feel a terrible chill!
Ouch! That really hurt!
* * * LOW HITPOINT WARNING * * *
Casting: Fireball (safe; 1% risk of failure)
Confirm with . or Enter, or press ? or * to list all spells.
Okay, then.
Okay, then.
You feel much better.
You remove the ring "Fyivyuwo" {Fire MR+++ Str+2 SInv Stlth-}.
As you read the scroll of fog, it crumbles to dust.
The scroll dissolves into smoke.
As you read the scroll of teleportation, it crumbles to dust.
You feel strangely unstable. The ice dragon breathes frost at you.
The blast of cold hits you!!!
Ouch! That really hurt!
You die...

#%..# # ### #..8.## #
#..#...D..# ### # ##.#.#
#.# # #..[.# #.# # #...§#
#.# # ####.§D§### #.# ###
#.#...§§§§..#.#####.# ...
#.....§§@§§.#.......# ##
###...§§§§..######..#####
####.§.#### #......"
#...# ##.#####
#...##########.#
##...).........#
###############


You could see an ice dragon.

Vanquished Creatures
  Frances (D:13)
  2 fire giants (D:14)
  Snorg (D:12)
  A fire dragon (D:15)
  5 vault guards (D:13)
  2 ice dragons (IceCv)
  2 centaur warriors (D:14)
  An ogre mage (D:15)
  8 two-headed ogres
  A death knight (D:11)
  3 tengu warriors
  9 skeletal warriors
  2 unseen horrors
  A wizard (D:13)
  An orb spider (shapeshifter) (D:15)
  2 ugly things
  2 cyclopes
  2 manticores
  2 ice statues (IceCv)
  2 yaktaurs (D:13)
  2 rime drakes (IceCv)
  A tengu conjurer (D:13)
  6 trolls
  3 meliai (D:15)
  A hornet (D:11)
  4 polar bears (D:12)
  3 slime creatures (D:13)
  A meliai zombie (D:13)
  2 hippogriffs
  A vampire (D:12)
  A shadow (D:15)
  3 wyverns
  A spriggan (D:7)
  3 wraiths
  27 yaks
  Eustachio (D:6)
  A human (D:13)
  2 basilisks
  A steam dragon (D:8)
  A hungry ghost (D:12)
  A soldier ant (D:12)
  An acid dragon (D:15)
  4 porcupines (D:11)
  7 orc warriors
  18 ice beasts
  4 sky beasts
  A black bear (D:8)
  2 wolves (D:12)
  6 ogres
  5 boggarts (D:14)
  9 centaurs
  2 phantoms
  3 crocodiles (D:11)
  7 big kobolds
  5 bullfrogs
  2 water moccasin zombies
  4 scorpions
  A wyvern skeleton (D:10)
  12 killer bees
  7 howler monkeys
  3 wights (D:7)
  2 electric eels (D:12)
  6 centaur zombies
  6 crimson imps
  A wyvern simulacrum (D:12)
  9 hounds
  4 jellies
  A quasit (D:12)
  A bullfrog zombie (D:6)
  2 human zombies (Ossuary)
  7 orc priests
  25 orc wizards
  2 bullfrog skeletons
  4 centaur skeletons
  3 iguanas
  10 worker ants
  A big kobold zombie (Ossuary)
  3 centaur simulacra
  2 mummies (Ossuary)
  2 worker ant zombies (D:10)
  11 adders
  2 shadow imps (D:11)
  2 white imps (D:12)
  6 oozes
  6 worms
  2 dart slugs (D:1)
  5 leopard geckos
  47 orcs
  4 bats
  6 giant cockroaches
  2 gnoll zombies (Ossuary)
  8 goblins
  8 hobgoblins
  7 jackals
  A quokka (D:7)
  5 ball pythons
  3 frilled lizards
  5 goblin zombies (Ossuary)
  A hobgoblin zombie (Ossuary)
  20 kobolds
  A leopard gecko zombie (D:7)
  3 orc zombies (Ossuary)
  A quokka skeleton (D:8)
  A quokka zombie (D:5)
  15 rats
  A fungus (D:11)
  A plant (D:11)
484 creatures vanquished.

Vanquished Creatures (others)
  A fungus (D:11)
  4 plants (D:11)
5 creatures vanquished.

Grand Total: 489 creatures vanquished

Notes
Turn   | Place    | Note
-------+----------+-------------------------------------------
     0 | D:1      | Arthanis the Deep Elf Fire Elementalist began the quest for
                  | the Orb.
     0 | D:1      | Reached XP level 1. HP: 10/10 MP: 6/6
   116 | D:1      | Reached XP level 2. HP: 15/15 MP: 5/8
   260 | D:1      | Reached XP level 3. HP: 19/19 MP: 0/9
   265 | D:1      | Learned a level 3 spell: Conjure Flame
   618 | D:2      | Reached skill level 4 in Fire Magic
  1414 | D:3      | Found a transporter.
  1414 | D:3      | Noticed zhorgal's ghost (amateur MiFi)
  1448 | D:3      | Reached XP level 4. HP: 15/24 MP: 4/11
  1707 | D:3      | Found a transporter.
  1794 | D:3      | Learned a level 4 spell: Sticky Flame
  2085 | D:3      | Found a shadowy altar of Dithmenos.
  2248 | D:4      | Reached skill level 1 in Evocations
  2248 | D:4      | Reached XP level 5. HP: 28/28 MP: 2/13
  2342 | D:4      | Found a sand-covered staircase.
  2350 | Ossuary  | Entered an ossuary
  2372 | Ossuary  | Reached skill level 5 in Fire Magic
  2434 | Ossuary  | Reached XP level 6. HP: 14/32 MP: 3/14
  2536 | D:4      | Found a glowing drain.
  2560 | Sewer    | Entered a sewer
  2796 | Sewer    | Reached skill level 5 in Spellcasting
  2814 | Sewer    | Reached XP level 7. HP: 36/36 MP: 10/16
  2868 | Sewer    | Reached skill level 5 in Conjurations
  2868 | Sewer    | Reached skill level 6 in Fire Magic
  3415 | D:4      | Learned a level 5 spell: Fireball
  3553 | D:4      | Reached skill level 7 in Fire Magic
  3553 | D:4      | Reached XP level 8. HP: 38/41 MP: 4/19
  3701 | D:5      | Entered Level 5 of the Dungeon
  3775 | D:5      | Found Rufasyre's Jewellery Boutique.
  3785 | D:5      | Bought an uncursed amulet of magic regeneration for 330
                  | gold pieces
  4041 | D:5      | Got a tiger eye-encrusted ring mail
  4262 | D:6      | Noticed Eustachio
  4266 | D:6      | Killed Eustachio
  4274 | D:6      | Reached skill level 8 in Fire Magic
  4771 | D:6      | Found a bloodstained altar of Trog.
  4963 | D:6      | Reached XP level 9. HP: 45/45 MP: 14/22
  5201 | D:7      | Found a staircase to the Ecumenical Temple.
  5210 | Temple   | Entered the Ecumenical Temple
  5271 | Temple   | Became a worshipper of Vehumet
  5313 | D:7      | Reached skill level 9 in Fire Magic
  5626 | D:7      | Reached * piety under Vehumet
  5626 | D:7      | Offered knowledge of Sandblast by Vehumet.
  5945 | D:8      | Found an ancient bone altar of Kikubaaqudgha.
  5975 | D:8      | Noticed a two-headed ogre
  6007 | D:8      | Killed a two-headed ogre
  6007 | D:8      | Reached skill level 10 in Fire Magic
  6030 | D:8      | Reached XP level 10. HP: 26/50 MP: 0/24
  6120 | D:8      | Found Inleamur's Antique Armour Boutique.
  6253 | D:8      | Reached skill level 10 in Conjurations
  6489 | D:8      | Found a glowing golden altar of the Shining One.
  6694 | D:8      | Noticed an unseen horror
  6698 | D:8      | Killed an unseen horror
  6698 | D:8      | Offered knowledge of Shock by Vehumet.
  6698 | D:8      | Reached skill level 11 in Fire Magic
  6701 | D:8      | Learned a level 1 spell: Shock
  6922 | D:9      | Reached ** piety under Vehumet
  7319 | D:10     | Entered Level 10 of the Dungeon
  7319 | D:10     | Noticed an unseen horror
  7323 | D:10     | Killed an unseen horror
  7323 | D:10     | Reached skill level 1 in Fighting
  8097 | D:10     | Got an ancient hunting sling
  8340 | D:10     | Found a runed translucent door.
  8340 | D:10     | Noticed a deep elf knight
  8340 | D:10     | Noticed a deep elf archer
  8340 | D:10     | Noticed a deep troll earth mage
  8342 | D:10     | Noticed a hell knight
  8342 | D:10     | Noticed an ettin
  8342 | D:10     | Noticed a fire dragon
  8342 | D:10     | Noticed an orc warlord
  8440 | D:10     | Identified the cursed +1 hunting sling "Tyun" {venom, rPois
                  | Dex+4} (You found it on level 10 of the Dungeon)
  8489 | D:11     | Noticed a cyclops
  8496 | D:11     | Reached skill level 10 in Spellcasting
  8503 | D:11     | Killed a cyclops
  8503 | D:11     | Reached XP level 11. HP: 19/57 MP: 6/27
  8586 | D:11     | Offered knowledge of Throw Frost by Vehumet.
  8618 | D:11     | Reached *** piety under Vehumet
  8696 | D:11     | Found a staircase to the Lair.
  8714 | D:11     | Found a burning altar of Makhleb.
  8714 | D:11     | Noticed a cacodemon
  8739 | D:11     | Reached skill level 12 in Fire Magic
  8779 | D:11     | Noticed a skeletal warrior
  8785 | D:11     | Noticed a death knight
  8802 | D:11     | Noticed a skeletal warrior
  8803 | D:11     | Killed a death knight
  8803 | D:11     | Offered knowledge of Airstrike by Vehumet.
  8884 | D:11     | Reached skill level 5 in Dodging
  8917 | D:11     | Noticed a purple ugly thing
  8922 | D:11     | Killed a purple ugly thing
  8948 | D:11     | Noticed an orange crystal statue
  9112 | D:11     | Noticed a deep elf mage
  9114 | D:11     | Noticed an unseen horror
  9189 | D:11     | Reached **** piety under Vehumet
  9227 | D:11     | Killed a skeletal warrior
  9709 | D:11     | Killed a skeletal warrior
 10060 | D:12     | Offered knowledge of Ignite Poison by Vehumet.
 10110 | D:12     | You fall into a shaft and drop 1 floor!
 10240 | D:13     | Reached XP level 12. HP: 58/62 MP: 22/29
 10242 | D:13     | Noticed Frances
 10249 | D:13     | Killed Frances
 10250 | D:13     | Reached skill level 13 in Fire Magic
 10348 | D:12     | Reached skill level 5 in Evocations
 10413 | D:12     | Found a staircase to the Orcish Mines.
 10584 | D:12     | Found a roughly hewn altar of Beogh.
 10692 | D:12     | Noticed Snorg
 10739 | D:12     | Killed Snorg
 10739 | D:12     | Reached ***** piety under Vehumet
 10777 | D:12     | Offered knowledge of Bolt of Magma by Vehumet.
 10784 | D:12     | Learned a level 5 spell: Bolt of Magma
 10938 | D:12     | Reached skill level 1 in Armour
 10938 | D:12     | Reached skill level 1 in Shields
 10940 | D:12     | Noticed a two-headed ogre
 10968 | D:12     | Killed a two-headed ogre
 11759 | D:13     | Noticed a vault guard
 11767 | D:13     | Killed a vault guard
 11784 | D:13     | Noticed a vault guard
 11851 | D:13     | Killed a vault guard
 11976 | D:13     | Noticed a vault guard
 11988 | D:13     | Killed a vault guard
 11988 | D:13     | Reached XP level 13. HP: 49/66 MP: 6/30
 12096 | D:13     | Found a gate to the Vaults.
 12401 | D:14     | Noticed a fire giant
 12404 | D:14     | Noticed a fire giant
 12416 | D:14     | Killed a fire giant
 12416 | D:14     | Reached skill level 14 in Fire Magic
 12480 | D:14     | Noticed a lich
 12480 | D:14     | Noticed KristoblXynda's ghost (journeyman DrMo)
 12543 | D:14     | Found a frozen archway.
 12548 | D:14     | You fall into a shaft and drop 1 floor!
 12548 | D:15     | Entered Level 15 of the Dungeon
 12716 | IceCv    | Entered an ice cave
 12820 | IceCv    | Reached skill level 10 in Evocations
 12945 | IceCv    | Got a scintillating ivory ring
 12968 | IceCv    | Got a scintillating brass ring
 13178 | D:14     | Found Gozag's Platinum Reserve.
 13191 | D:14     | Offered knowledge of Orb of Destruction by Vehumet.
 13230 | D:13     | Learned a level 7 spell: Orb of Destruction
 13338 | D:14     | Found an opulent altar of Gozag.
 13430 | D:14     | Found a runed translucent door.
 13442 | D:14     | Reached XP level 14. HP: 71/72 MP: 29/32
 13456 | D:14     | Found a runed translucent door.
 13489 | D:14     | Killed a fire giant
 13901 | D:14     | Noticed an entropy weaver
 13901 | D:14     | a fire dragon changed into an entropy weaver
 13902 | D:14     | an entropy weaver changed into a death yak
 13906 | D:14     | Noticed an azure jelly
 14203 | D:15     | Identified the ring "Fyivyuwo" {Fire MR+++ Str+2 SInv
                  | Stlth-} (You found it in an ice cave)
 14262 | D:15     | Killed from afar by an ice dragon

Levels and vault maps discovered:
D:1:      wheals_arrival_shading, layout_basic, minmay_indecisive_spiral
D:2:      layout_loops_corners
D:3:      layout_basic, nicolae_dithmenos_through_a_glass_darkly,
          gammafunk_ghost_mausoleum
D:4:      layout_basic, nicolae_ossuary_entry_false_entrances, first_ration,
          cheibrodos_sewer_entry_bend, serial_corexii_hall,
          corexii_hall_statues_s, corexii_hall_statues_i,
          minmay_misc_feat_pillars
D:5:      layout_gridville, serial_shops, nicolae_shop_stone
D:6:      layout_gridville, lemuel_doored_altar, uniq_eustachio
D:7:      layout_gridville, minmay_temple_entry_ruins, the_bakery
D:8:      layout_basic, kiku_gazebo_pond_becter, old_standard_altar,
          serial_shops, nicolae_shop_window_shopping, minmay_small_thing
D:9:      layout_rooms
D:10:     minmay_gate_of_8, layout_layer_cave, st_stairs_4
D:11:     layout_basic, minmay_lair_entry_grove, grunt_decor_arrowhead,
          minivault_16, makhleb_altar_promises_db
D:12:     layout_layer_cave, minmay_orc_entry_temple_small, serial_ice,
          serial_ice_d, serial_ice_m, serial_ice_a, serial_ice_i, serial_ice_o,
          minmay_misc_feat_nine_boxes, uniq_snorg
D:13:     layout_stronghold, grunt_vaults_entry_fortified, uniq_frances
D:14:     minmay_mutant_horseshoe, layout_cave_pods,
          muffindrake_ghost_dual_entry, nicolae_gozag_zags_fifth_avenue,
          portal_ice_cave_entry_pillars_1
D:15:     grunt_enter_depths_hoard, layout_loops_ring, basic_altar,
          bh_walls_and_bars
Temple:   regret_index_temple_mists

Skill      XL: |  1  2  3  4  5  6  7  8  9 10 11 12 13 14 |
---------------+-------------------------------------------+-----
Conjurations   | 2 3 4 6 7 9 11 12 13 | 13.9
Fire Magic     | 4 5 7 8 10 11 12 13 14 | 14.2
Spellcasting   | 4 5 6 7 8 10 11 12 | 12.4
Evocations     | 1 2 3 4 6 11 12 | 12.2
Fighting       | 1 2 |  2.0
Dodging        | 3 6 7 8 |  8.3
Stealth        | 3 |  3.2
Armour         | 2 |  2.0
Shields        | 4 |  4.1

Action                   |  1- 3 |  4- 6 |  7- 9 | 10-12 | 13-15 || total
-------------------------+-------+-------+-------+-------+-------++-------
Melee: Short sword       |     6 |       |       |       |       ||     6
       Dagger            |     9 |    21 |    16 |       |       ||    46
       Great sword       |       |       |    21 |    12 |       ||    33
 Cast: Flame Tongue      |    72 |    60 |   146 |   145 |    17 ||   440
       Sticky Flame      |       |     2 |    13 |    34 |    15 ||    64
       Conjure Flame     |       |     2 |     7 |    18 |     6 ||    33
       Fireball          |       |       |    22 |   160 |    91 ||   273
       Shock             |       |       |       |    73 |       ||    73
       Bolt of Magma     |       |       |       |     4 |     9 ||    13
       Orb of Destructio |       |       |       |       |    22 ||    22
Evoke: Wand              |       |     2 |     2 |     6 |     3 ||    13
       Staff of energy   |       |       |       |       |    66 ||    66
  Use: Scroll            |       |       |     5 |     8 |     4 ||    17
       Potion            |       |       |       |       |     1 ||     1
 Stab: Sleeping          |     3 |       |     1 |       |       ||     4
       Distracted        |     1 |       |       |       |       ||     1
  Eat: Chunk             |     1 |     3 |    12 |    22 |     4 ||    42
       Ration            |       |     1 |     1 |     5 |     3 ||    10
Armor: Robe              |     9 |     5 |    11 |    17 |       ||    42
       Troll leather arm |       |       |       |     2 |    16 ||    18
Dodge: Dodged            |    22 |    28 |    51 |    77 |    37 ||   215
Block: Other             |     2 |     3 |     2 |       |       ||     7
       Reflection        |     1 |     1 |     2 |       |       ||     4
       Buckler           |       |       |       |       |     6 ||     6
       Rpst.: Great sword |       |       |     7 |     7 |       ||    14

Table legend:
 A = Non-vault XP
 B = Vault XP
 C = Vault XP percentage of total XP
 D = Non-vault monster count
 E = Vault monster count
 F = Vault count percentage of total count
                 A         B        C        D         E       F
            +---------+---------+-------+---------+---------+-------
      Total |   48017 |   27857 |  36.7 |     355 |     127 |  26.3
            +---------+---------+-------+---------+---------+-------
        D:1 |      41 |       8 |  16.3 |      23 |       4 |  14.8
        D:2 |      38 |       0 |   0.0 |      20 |       0 |   0.0
        D:3 |      40 |       0 |   0.0 |       9 |       0 |   0.0
        D:4 |     448 |      10 |   2.2 |      12 |       2 |  14.3
        D:5 |     524 |       0 |   0.0 |      18 |       0 |   0.0
        D:6 |     701 |     203 |  22.5 |      16 |       1 |   5.9
        D:7 |    1164 |     215 |  15.6 |      37 |       1 |   2.6
        D:8 |    2440 |     839 |  25.6 |      29 |       2 |   6.5
        D:9 |     965 |       0 |   0.0 |      13 |       0 |   0.0
       D:10 |    1535 |       6 |   0.4 |      19 |       2 |   9.5
       D:11 |    7843 |    1961 |  20.0 |      47 |      13 |  21.7
       D:12 |    4474 |    3429 |  43.4 |      28 |      22 |  44.0
       D:13 |    3798 |    9058 |  70.5 |      20 |      11 |  35.5
       D:14 |   10402 |    4770 |  31.4 |      40 |       4 |   9.1
       D:15 |   13604 |    1092 |   7.4 |      24 |       1 |   4.0
      Sewer |       0 |     698 | 100.0 |       0 |      28 | 100.0
    Ossuary |       0 |     154 | 100.0 |       0 |      16 | 100.0
      IceCv |       0 |    5414 | 100.0 |       0 |      20 | 100.0
            +---------+---------+-------+---------+---------+-------
